 Dungeon Crawl Stone Soup version 0.31-a0-1589-g8f5e8aebd6 (webtiles) character file.

Game seed: 13393924169762313083

5160 octoduck the Fighter (level 10, -4/84 HPs)
             Began as a Djinni Fire Elementalist on Jan 6, 2024.
             Was an Initiate of Ashenzari.
             Slain by a two-headed ogre
             ... wielding a +0 giant club
              (25 damage)
             ... on level 9 of the Dungeon.
             The game lasted 00:40:11 (12085 turns).

octoduck the Fighter (Djinni Fire Elementalist)    Turns: 12085, Time: 00:40:12

Health: -4/84      AC:  6    Str:  7    XL:     10   Next: 89%
Gold:   962        EV: 17    Int: 22    God:    Ashenzari [......] SH:  0 Dex: 19

rFire   + + +        p - +2 short sword (venom)
rCold   x x .        (no shield)
rNeg    . . .        a - +0 robe
rPois   ∞            w - +1 helmet
rElec   .            e - +0 cloak
rCorr   .            A - +0 pair of gloves
SInv    .            (boots unavailable)
Will    +....        (no amulet)
Stlth   +++          t - ring of fire
HPRegen 0.34/turn    H - +6 ring of dexterity
MPRegen 0.00/turn

%: infuse magic (-5 HP)
@: flying, very slightly contaminated
A: sickness immunity, fire resistance 2, cold vulnerability 1, float, innate
caster, HP casting, extra vitality 1
a: Renounce Religion, Curse Item


You were on level 9 of the Dungeon.
You worshipped Ashenzari.
Ashenzari was noncommittal.
You visited 2 branches of the dungeon, and saw 10 of its levels.
You also visited: Ossuary and Bailey.

You collected 962 gold pieces.

Inventory:

Hand Weapons
 p - a +2 short sword of venom (weapon)
Armour
 a - a +0 robe (worn)
 d - a +0 troll leather armour
 e - a +0 cloak (worn)
 h - a +0 leather armour
 w - a +1 helmet (worn)
 A - a +0 pair of gloves (worn)
Jewellery
 i - a +6 ring of strength
 t - a ring of fire (left hand)
 G - a +6 ring of strength
 H - a +6 ring of dexterity (right hand)
 N - a ring of wizardry
 U - a +6 ring of dexterity
Wands
 x - a wand of charming (9)
 F - a wand of mindburst (15)
 O - a wand of flame (49)
 R - a wand of polymorph (12)
 T - a wand of roots (12)
Scrolls
 b - 2 scrolls of enchant weapon
 g - 2 scrolls of fear
 m - a scroll of brand weapon {unknown}
 s - a scroll of enchant armour
 u - 2 scrolls of vulnerability {unknown}
 v - 3 scrolls of teleportation
 y - 3 scrolls of noise
 B - 4 scrolls of poison
 C - 2 scrolls of immolation {unknown}
 E - a scroll of amnesia
 I - a scroll of silence {unknown}
 M - a scroll of blinking {unknown}
 P - a scroll of fog {unknown}
Potions
 c - 2 potions of haste
 f - 3 potions of enlightenment {unknown}
 k - 3 potions of attraction
 l - 2 potions of berserk rage
 n - 2 potions of resistance
 o - a potion of degeneration {unknown}
 q - 5 potions of might
 r - a potion of brilliance {unknown}
 z - 3 potions of curing
 J - 3 potions of heal wounds {unknown}
 L - 2 potions of cancellation
 S - a potion of lignification {unknown}


   Skills:
 + Level 12.1 Fighting
 + Level 8.1 Dodging
 - Level 5.6 Stealth
 - Level 3.1 Spellcasting
 - Level 3.1 Conjurations
 - Level 3.1 Hexes
 - Level 3.1 Summonings
 - Level 3.1 Necromancy
 - Level 3.1 Translocations
 - Level 3.1 Fire Magic
 - Level 3.1 Ice Magic
 - Level 3.1 Air Magic
 - Level 3.1 Earth Magic
 - Level 3.1 Alchemy


You knew the following spells:

 Your Spells              Type           Power      Damage    Failure   Level
a - Foxfire               Conj/Fire      100%       2x1d9     3%          1
b - Scorch                Fire           50%        2d7       5%          2
c - Volatile Blastmotes   Fire/Tloc      50%        2d14      11%         3
d - Inner Flame           Hex/Fire       25%        N/A       11%         3
e - Flame Wave            Conj/Fire      25%        2d8       34%         4
f - Summon Small Mammal   Summ           68%        N/A       3%          1
g - Mercury Vapours       Alch/Air       34%        N/A       5%          2
h - Hailstorm             Conj/Ice       17%        3d6       11%         3
i - Dispel Undead         Necr           17%        3d10      34%         4
Your spell library was empty.

Dungeon Overview and Level Annotations

Branches:
Dungeon (9/15)             Temple (1/1) D:7         Ossuary (visited)
 Bailey (visited)
   Lair: D:8-11         Orc: D:9-12

Altars:
Ashenzari
Cheibriados
Dithmenos
Elyvilon
Fedhas
Gozag
Hepliaklqana
Makhleb
Nemelex Xobeh
Okawaru
Qazlal
Trog
Uskayaw
Wu Jian
Xom
Yredelemnul
Zin
The Shining One

Shops:
D:1 [   D:5 :

Annotations:
D:6 Grinder


Innate Abilities, Weirdness & Mutations

You are immune to sickness and miasma.
You are immune to poison.
Your flesh is very heat resistant. (rF++)
You are vulnerable to cold. (rC-)
You float through the air rather than walking.
You learn spells naturally, not from books.
Your magical power is your life essence.
You have superior vitality. (+4 MHP)


Message History

The two-headed ogre is severely wounded.
The two-headed ogre's fire resistance burns away.
The two-headed ogre closely misses you.
The two-headed ogre hits you with a +0 giant club.
Casting: Scorch (safe; 5% risk of failure)
Confirm with . or Enter, or press ? or * to list all spells.
Casting: Flame Wave (dangerous; 34% risk of failure)
Press: ? - help, Dir - look around, f - activate You feel a surge of power!
A wave of flame ripples out!
The flame wave engulfs the two-headed ogre!
The two-headed ogre is burned terribly!
The two-headed ogre is severely wounded. (Press . to intensify the flame waves.)
The two-headed ogre is no longer more vulnerable to fire.
A wave of flame ripples out!
The flame wave engulfs the two-headed ogre.
The two-headed ogre is almost dead.
The two-headed ogre barely misses you.
The two-headed ogre hits you with a +0 giant club!
A wave of flame ripples out!
The flame wave engulfs the two-headed ogre.
The two-headed ogre is almost dead.
You finish channelling waves of flame.
The two-headed ogre hits you with a +0 giant club!!
The two-headed ogre misses you.
Casting: Flame Wave (dangerous; 34% risk of failure)
Confirm with . or Enter, or press ? or * to list all spells.
Casting: Flame Wave (dangerous; 34% risk of failure)
Press: ? - help, Dir - look around, f - activate You feel a surge of power!
You miscast Flame Wave.
You are very lightly contaminated with residual magic.
You are caught in a violent explosion!
* * * LOW HITPOINT WARNING * * *
x2
Casting: Flame Wave (dangerous; 34% risk of failure)
Confirm with . or Enter, or press ? or * to list all spells.
You feel a surge of power!
Flames lash the two-headed ogre but do no damage.
* * * LOW HITPOINT WARNING * * *
The two-headed ogre hits you with a +0 giant club!!
You die...

#.# #.##.# #.# #####.##.# #.#
#......#.# ####### ##.##
#.###..#.# #≈≈≈≈≈# ##...##
#.###..#.# #≈♣.♣≈#####.....#
#.#....#.# #≈._.≈#....#...##
#.#<#....# #≈♣.♣≈####.##.##
#.#.#..### #≈≈.≈≈#
#.##@######)#....# ###'###
#...O.......#...## #....#
####'########...# ####.# ##...##
#...# ##(# ##.....## ###...#####
##..# ##.......###..........
#####...####..<......##.#...##.#.
...........'.........'.......#.#.
#####....###.........##.#......#.


You could see a two-headed ogre.

Vanquished Creatures
  2 two-headed ogres
  A troll (D:9)
  A hornet (D:8)
  A human (D:9)
  2 acid dragons (D:9)
  Edmund (D:5)
  2 water moccasins
  An ice beast (D:6)
  A black bear (D:6)
  An orc warrior (D:9)
  2 ogres
  A centaur (D:7)
  A phantom (D:4)
  2 elf zombies (Ossuary)
  Blork the orc (D:4)
  A weeping skull (Ossuary)
  A kobold brigand (D:5)
  2 bullfrogs
  5 scorpions
  4 wights (D:9)
  A burial acolyte (Ossuary)
  2 killer bees (D:8)
  2 howler monkeys
  2 bombardier beetles (D:4)
  4 orc priests
  4 hounds
  3 jellies
  2 sleepcaps
  6 iguanas
  9 orc wizards
  3 mummies
  Robin (D:4)
  11 adders
  2 shadow imps
  2 white imps (D:6)
  An adder zombie (Ossuary)
  3 ribbon worms
  3 dart slugs
  27 orcs
  4 endoplasms
  3 giant cockroaches
  A gnoll zombie (Ossuary)
  18 goblins
  11 hobgoblins
  7 kobolds
  3 quokkas
  6 ball pythons
  8 bats
  A kobold zombie (D:7)
  2 orc zombies
  4 rats
189 creatures vanquished.

Vanquished Creatures (collateral kills)
  A dart slug (D:2)
  An orc (D:3)
  An endoplasm (D:2)
  A giant cockroach (D:3)
  3 hobgoblins
  A goblin (D:4)
  A kobold (D:3)
  A rat (D:3)
  2 foxfires (D:5)
12 creatures vanquished.

Vanquished Creatures (others)
  361 foxfires
361 creatures vanquished.

Grand Total: 562 creatures vanquished

Notes
Turn   | Place    | Note
-------+----------+-------------------------------------------
     0 | D:1      | octoduck the Djinni Fire Elementalist began the quest for
                  | the Orb.
     0 | D:1      | octoduck set off with the following spells memorised:
                  | Foxfire, Scorch, Volatile Blastmotes, Inner Flame, Flame
                  | Wave.
     0 | D:1      | Reached XP level 1. HP: 15/15 MP: 0/0
   453 | D:1      | Reached skill level 1 in Fighting
   453 | D:1      | Reached XP level 2. HP: 21/22 MP: 0/0
   970 | D:1      | Found Luor Rupa's Antique Armour Shoppe.
  1273 | D:2      | Reached XP level 3. HP: 25/28 MP: 0/0
  1273 | D:2      | Learned a level 1 spell: Summon Small Mammal
  1290 | D:2      | Reached skill level 2 in Fighting
  1478 | D:2      | Found a faded altar of an unknown god.
  1630 | D:2      | Found a glowing silver altar of Zin.
  1691 | D:2      | Reached XP level 4. HP: 28/34 MP: 0/0
  2209 | D:3      | Reached skill level 3 in Fighting
  2265 | D:3      | Reached XP level 5. HP: 24/40 MP: 0/0
  2265 | D:3      | Learned a level 2 spell: Mercury Vapours
  2712 | D:3      | Reached skill level 4 in Fighting
  3005 | D:4      | Found a stormy altar of Qazlal.
  3081 | D:4      | Reached XP level 6. HP: 22/48 MP: 0/0
  3189 | D:4      | Noticed an ogre
  3212 | D:4      | Killed an ogre
  3213 | D:4      | Reached skill level 5 in Fighting
  3222 | D:4      | Reached XP level 7. HP: 46/54 MP: 0/0
  3222 | D:4      | Learned a level 3 spell: Hailstorm
  3253 | D:4      | Found a broken altar of Ashenzari.
  3279 | D:4      | Became a worshipper of Ashenzari the Shackled
  3528 | D:4      | Noticed Robin
  3542 | D:4      | Killed Robin
  3865 | D:4      | Noticed Blork the orc
  3907 | D:4      | Killed Blork the orc
  3908 | D:4      | Reached skill level 6 in Fighting
  4105 | D:4      | Found a hide-covered altar of Uskayaw.
  4147 | D:4      | Found a snail-covered altar of Cheibriados.
  4680 | D:4      | Reached XP level 8. HP: 51/62 MP: 0/0
  4987 | D:4      | Reached skill level 7 in Fighting
  5153 | D:5      | Entered Level 5 of the Dungeon
  5153 | D:5      | Found Ehuext's Self-Improvement Boutique.
  5181 | D:5      | Reached skill level 5 in Stealth
  5700 | D:5      | Noticed Edmund
  5798 | D:5      | Killed Edmund
  5799 | D:5      | Reached skill level 8 in Fighting
  6286 | D:5      | Reached XP level 9. HP: 55/71 MP: 0/0
  6286 | D:5      | Learned a level 4 spell: Dispel Undead
  6610 | D:6      | Found a blossoming altar of Fedhas.
  6692 | D:6      | Reached skill level 9 in Fighting
  7006 | D:6      | Noticed Grinder
  7250 | D:7      | Found a staircase to the Ecumenical Temple.
  7287 | D:7      | Found a sand-covered staircase.
  7296 | Ossuary  | Entered an ossuary
  7296 | Ossuary  | Found a huge runed translucent gate.
  7296 | Ossuary  | Found a huge runed translucent gate.
  7296 | Ossuary  | Found a huge runed translucent gate.
  7296 | Ossuary  | Found a huge runed translucent gate.
  7296 | Ossuary  | Found a huge runed translucent gate.
  7296 | Ossuary  | Found a huge runed translucent gate.
  7296 | Ossuary  | Found a huge runed translucent gate.
  7296 | Ossuary  | Found a huge runed translucent gate.
  7296 | Ossuary  | Found a huge runed translucent gate.
  7297 | Ossuary  | Found a huge runed translucent gate.
  7297 | Ossuary  | Found a huge runed translucent gate.
  7298 | Ossuary  | Found a huge runed translucent gate.
  7298 | Ossuary  | Found a huge runed translucent gate.
  7301 | Ossuary  | Found a huge runed translucent gate.
  7301 | Ossuary  | Found a huge runed translucent gate.
  7310 | Ossuary  | Found a huge runed translucent gate.
  7310 | Ossuary  | Found a huge runed translucent gate.
  7310 | Ossuary  | Found a huge runed translucent gate.
  7310 | Ossuary  | Found a huge runed translucent gate.
  7311 | Ossuary  | Found a huge runed translucent gate.
  7317 | Ossuary  | Reached skill level 10 in Fighting
  7353 | Ossuary  | Found a huge runed translucent gate.
  7370 | Ossuary  | Found a huge runed translucent gate.
  7371 | Ossuary  | Found a huge runed translucent gate.
  7373 | Ossuary  | Found a huge runed translucent gate.
  7374 | Ossuary  | Found a huge runed translucent gate.
  7374 | Ossuary  | Found a huge runed translucent gate.
  7375 | Ossuary  | Found a huge runed translucent gate.
  7375 | Ossuary  | Found a huge runed translucent gate.
  7424 | Ossuary  | Found a huge runed translucent gate.
  7424 | Ossuary  | Found a huge runed translucent gate.
  7425 | Ossuary  | Found a huge runed translucent gate.
  7425 | Ossuary  | Found a huge runed translucent gate.
  7425 | Ossuary  | Found a huge runed translucent gate.
  7425 | Ossuary  | Found a huge runed translucent gate.
  7425 | Ossuary  | Found a huge runed translucent gate.
  8497 | D:8      | Noticed a two-headed ogre
  8591 | Temple   | Entered the Ecumenical Temple
  9261 | D:8      | Killed a two-headed ogre
  9262 | D:8      | Reached skill level 11 in Fighting
  9262 | D:8      | Reached XP level 10. HP: 45/82 MP: 0/0
  9740 | D:9      | Found a flagged portal.
  9753 | Bailey   | Entered a bailey
  9783 | D:9      | HP: 4/83 [human/+0 war axe (14)]
 10025 | D:9      | Noticed a two-headed ogre
 10295 | D:9      | Noticed a two-headed ogre
 10716 | D:9      | Found a shadowy altar of Dithmenos.
 10839 | D:9      | Noticed a two-headed ogre
 10851 | D:9      | Killed a two-headed ogre
 11523 | D:9      | Reached skill level 12 in Fighting
 12085 | D:9      | Slain by a two-headed ogre

Illustrated notes

Levels and vault maps discovered:
D:1:      amcnicky_arrival_underground_garden, layout_basic, serial_shops,
          shop_fountains
D:2:      layout_rooms, shapermc_ecumenical_altar_ellora, basic_altar
D:3:      layout_rooms
D:4:      minmay_bubble_buster, layout_basic, amcnicky_altar_gilded,
          mainiacjoe_overflow_catwalk, kennysheep_slug_shrine,
          evilmike_ruin_ashenzari, uniq_blork_the_orc, uniq_robin
D:5:      layout_gridville, corexii_shack, grunt_ministairs_2,
          nicolae_shop_self_help, uniq_edmund
D:6:      layout_loops_ring, fedhas_altar_1, nicolae_ru_the_path_less_chosen,
          uniq_grinder
D:7:      layout_basic, minmay_temple_entry_offerings,
          nicolae_ossuary_entry_giza
D:8:      layout_basic
D:9:      layout_loops_corners, nicolae_dithmenos_the_darkroom,
          kennysheep_little_box, enter_bailey_3
Temple:   nicolae_temple_god_jail

Skill      XL: |  1  2  3  4  5  6  7  8  9 10 |
---------------+-------------------------------+-----
Fighting       | 1 2 3 4 5 6 8 11 12 | 12.1
Stealth        | 2 3 4 5 |  5.6
Dodging        | 6 8 |  8.1
Spellcasting   | |  3.1
Conjurations   | |  3.1
Hexes          | |  3.1
Summonings     | |  3.1
Necromancy     | |  3.1
Translocations | |  3.1
Fire Magic     | |  3.1
Ice Magic      | |  3.1
Air Magic      | |  3.1
Earth Magic    | |  3.1
Alchemy        | |  3.1

Action                     |  1- 3 |  4- 6 |  7- 9 | 10-12 || total
---------------------------+-------+-------+-------+-------++-------
  Melee: Dagger            |    16 |     7 |       |       ||    23
         Short sword       |       |       |    13 |       ||    13
   Cast: Foxfire           |    36 |    43 |   119 |    23 ||   221
         Scorch            |     8 |    17 |    63 |    21 ||   109
         Summon Small Mamm |     8 |    14 |    17 |       ||    39
         Volatile Blastmot |       |       |    51 |    26 ||    77
         Mercury Vapours   |       |       |     7 |       ||     7
         Dispel Undead     |       |       |     6 |     1 ||     7
         Flame Wave        |       |       |     2 |     7 ||     9
         Hailstorm         |       |       |     2 |       ||     2
    Use: Scroll            |     1 |     4 |    10 |     3 ||    18
   Stab: Sleeping          |       |       |     1 |       ||     1
 Armour: Robe              |     8 |    26 |    95 |    33 ||   162
  Dodge: Dodged            |    10 |    24 |    68 |    32 ||   134

Table legend: (Time is in decaauts)
 A = Elapsed time spent in this place.
 B = Non-inter-level travel time spent in this place.
 C = Inter-level travel time spent in this place.
 D = Time resting spent in this place.
 E = Time spent auto-exploring this place.
 F = Levels seen in this place.
 G = Mean time per level.
                   A        B        C        D        E       F      G
               +--------+--------+--------+--------+--------+-----+--------+
         Total |  12081 |  11291 |    790 |   3451 |   4616 |  12 | 1006.8 |
       Dungeon |  11681 |  10891 |    790 |   3268 |   4556 |   9 | 1297.9 |
        Temple |      1 |      1 |      0 |      0 |      0 |   1 |    1.0 |
       Ossuary |    371 |    371 |      0 |    183 |     60 |   1 |  371.0 |
        Bailey |     26 |     26 |      0 |      0 |      0 |   1 |   26.0 |
               +--------+--------+--------+--------+--------+-----+--------+

Top non-repeatable levels by time:
     D:9: 2141 daAuts
     D:4: 1981 daAuts
     D:5: 1576 daAuts
     D:8: 1397 daAuts
     D:1: 1263 daAuts
     D:3: 1181 daAuts
     D:7: 973 daAuts
     D:2: 727 daAuts
     D:6: 437 daAuts
 Ossuary: 371 daAuts
  Bailey: 26 daAuts
  Temple: 1 daAuts
